Map: Nightshade LE

Players

KanyeZest - Winner!

  • Race: Terran Terran
  • League: Master
  • Spawn Location: 11:00

Soda

  • Race: Terran Terran
  • League: Diamond
  • Spawn Location: 5:00

VOD

Have the link to the VOD?

Description

Time

  • Played on: May 16, 2020, 5:14 p.m.
  • Length: 10:26
Show
View Real Time Build Order
Export as new Build Order

KanyeZest Terran - Winner!

Build Orders: Cyclone Opening, Gas First Reaper Expand, Mech 

Get SALT Encoding   

  12  0:01  SCV  
  13  0:13  SCV  
  14  0:19  Supply Depot  
  14  0:25  SCV  
  14  0:27  Refinery  
  15  0:40  SCV  
  16  0:45  Barracks  
  16  0:52  SCV  
  17  1:05  SCV  
  18  1:17  SCV  
  19  1:32  Reaper, Orbital Command  
  20  1:44  Command Center  
  20  1:57  Factory  
  20  2:00  SCV  
  20  2:11  Barracks Reactor  
  20  2:12  Supply Depot  
  20  2:15  SCV  
  21  2:21  Refinery  
  21  2:27  SCV  
  22  2:39  SCV  
  22  2:40  Factory Tech Lab  
  23  2:47  Marine x2  
  26  2:51  SCV  
  26  2:58  Cyclone  
  26  3:00  Orbital Command  
  26  3:03  SCV  
  30  3:06  Marine x2  
  32  3:15  Starport  
  32  3:16  SCV  
  33  3:25  Marine x2  
  35  3:28  SCV  
  36  3:36  SCV  
  36  3:38  Siege Tank  
  36  3:40  SCV  
  41  3:48  Refinery  
  41  3:49  SCV, Supply Depot  
  41  3:52  Starport Tech Lab  
  41  3:53  SCV  
  43  4:01  SCV, Marine x2  
  46  4:10  SCV  
  46  4:13  SCV  
  46  4:14  Raven  
  50  4:23  SCV  
  50  4:25  SCV  
  50  4:27  Supply Depot  
  50  4:29  Supply Depot  
  50  4:30  Siege Tank  
  54  4:48  SCV x2, Marine x2  
  54  4:50  Supply Depot  
  58  4:57  Raven  
  60  5:00  SCV x2  
  60  5:04  Command Center  
  60  5:06  Marine x2  
  64  5:09  Siege Tank  
  64  5:13  SCV x2, Refinery  
  69  5:25  SCV x2, Marine x2  
  73  5:31  Supply Depot x2  
  73  5:37  SCV x2  
  73  5:41  Siege Tank  
  78  5:52  SCV x2  
  78  5:57  Viking x2  
  84  6:04  SCV x2  
  84  6:07  Factory  
  84  6:10  Factory  
  86  6:11  Barracks Reactor  
  86  6:16  SCV x2, Supply Depot  
  86  6:17  Supply Depot  
  88  6:21  Supply Depot  
  88  6:24  Siege Tank  
  91  6:26  Viking  
  91  6:28  SCV x2  
  91  6:30  Refinery  
  91  6:31  Refinery  
  95  6:43  SCV  
  93  6:51  SCV  
  93  6:52  Orbital Command  
  94  6:55  SCV  
  94  6:58  Siege Tank x2  
  101  7:08  Viking x2  
  103  7:10  SCV x2  
  103  7:14  Hellion  
  103  7:15  Hellion  
  111  7:18  SCV  
  111  7:22  SCV x2  
  114  7:30  SCV, Siege Tank  
  114  7:31  Siege Tank  
  114  7:34  SCV x2  
  123  7:38  Viking  
  121  7:45  SCV  
  121  7:46  SCV, Marine  
  121  7:48  Viking  
  112  7:59  Command Center  
  112  8:00  Hellion x2  
  112  8:02  Infernal Pre-Igniter  
  112  8:03  Siege Tank  
  112  8:04  Marine  
  120  8:08  Viking  
  122  8:18  Viking  
  124  8:20  Armory  
  124  8:21  Armory  
  124  8:36  Factory  
  124  8:38  Factory, Viking  
  126  8:42  Supply Depot x3  
  126  8:54  SCV x3  
  129  8:59  Hellion  
  129  9:00  Hellion  
  133  9:03  Siege Tank x2  
  133  9:04  Supply Depot  
  133  9:06  Supply Depot  
  133  9:07  Supply Depot  
  139  9:10  Engineering Bay  
  139  9:14  Viking x2  
  141  9:20  Hellion  
  141  9:21  Hellion  
  145  9:35  Siege Tank x2  
  151  9:39  Factory Tech Lab  
  151  9:40  Factory Reactor  
  151  9:41  Hellion  
  151  9:43  Hellion  
  158  10:03  Hellion  
  158  10:04  Hellion  
Show
View Real Time Build Order
Export as new Build Order

Soda Terran 

Build Orders: Reaper Expand 

Get SALT Encoding   

  12  0:01  SCV  
  13  0:13  SCV  
  14  0:17  Supply Depot  
  14  0:25  SCV  
  15  0:38  SCV  
  15  0:40  Barracks  
  16  0:45  Refinery  
  16  0:51  SCV  
  17  1:03  SCV  
  18  1:16  SCV  
  19  1:28  Orbital Command  
  19  1:30  Reaper  
  20  1:44  Command Center  
  20  1:55  SCV  
  20  1:57  Supply Depot  
  21  2:08  Factory, Marine  
  21  2:12  SCV  
  23  2:16  Refinery  
  23  2:24  SCV  
  23  2:29  Barracks Reactor  
  24  2:37  SCV  
  25  2:39  Supply Depot  
  25  2:53  Starport  
  25  2:55  SCV  
  25  2:56  Factory Tech Lab  
  25  2:57  Orbital Command  
  26  3:06  Marine x2  
  26  3:07  SCV  
  29  3:14  Bunker  
  29  3:19  Siege Tank  
  32  3:20  SCV  
  32  3:23  SCV  
  34  3:29  Marine x2  
  34  3:31  Starport Reactor  
  34  3:34  SCV  
  37  3:35  SCV  
  38  3:46  SCV  
  38  3:47  SCV  
  40  3:48  Marine x2  
  40  3:52  Siege Tank  
  45  3:58  SCV  
  45  4:00  SCV  
  47  4:13  Command Center  
  47  4:15  SCV  
  47  4:16  SCV  
  49  4:18  Engineering Bay  
  49  4:20  Engineering Bay  
  49  4:28  SCV x2  
  50  4:33  Marine  
  50  4:34  Marine  
  52  4:38  Supply Depot  
  52  4:40  SCV x2  
  52  4:41  Supply Depot  
  54  4:46  Refinery, Terran Infantry Weapons Level 1  
  54  4:47  Terran Infantry Armor Level 1  
  54  4:51  Missile Turret  
  54  4:55  Missile Turret  
  54  5:00  SCV  
  54  5:05  Barracks  
  54  5:06  Barracks  
  55  5:09  SCV  
  55  5:12  SCV  
  55  5:13  Refinery  
  57  5:17  Siege Tank, Supply Depot  
  60  5:23  Viking  
  60  5:26  Viking  
  60  5:27  SCV  
  65  5:31  SCV  
  65  5:33  Orbital Command  
  66  5:42  Armory  
  66  5:43  SCV x2, Supply Depot  
  68  5:53  Marine x2  
  68  5:54  Barracks Tech Lab x2  
  70  5:59  Barracks  
  70  6:02  Barracks  
  70  6:04  SCV x2  
  70  6:07  Siege Tank  
  70  6:10  Marine x2  
  77  6:14  Factory  
  77  6:16  SCV  
  77  6:17  SCV x2  
  77  6:18  Supply Depot  
  80  6:25  Marine x2  
  82  6:27  Supply Depot  
  82  6:29  Missile Turret  
  81  6:34  Missile Turret  
  81  6:35  SCV  
  81  6:36  SCV, Marine x2  
  83  6:43  Marine x2  
  81  6:54  Marine x2  
  81  6:56  Combat Shield, Stimpack  
  81  7:02  Viking  
  81  7:07  Siege Tank, Marine  
  87  7:10  Marine x3  
  87  7:11  Viking  
  87  7:12  SCV  
  92  7:17  SCV  
  92  7:19  Supply Depot  
  92  7:20  Marine  
  94  7:24  SCV, Terran Infantry Weapons Level 2  
  94  7:29  Terran Infantry Armor Level 2  
  66  7:52  Marine x3  
  66  7:55  Marine x3  
  66  7:56  Siege Tank  
  72  7:59  Orbital Command  
  72  8:03  Medivac  
  72  8:04  Factory Tech Lab  
  74  8:10  Marine x3  
  77  8:13  Marine x3  
  80  8:21  SCV x2  
  80  8:25  SCV  
  83  8:28  Siege Tank  
  83  8:32  Marine x2  
  83  8:33  SCV, Viking  
  83  8:34  SCV  
  92  8:35  Refinery x2  
  92  8:36  Siege Tank  
  92  8:37  SCV  
  96  8:44  Command Center  
  96  8:45  SCV, Supply Depot  
  96  8:46  SCV  
  98  8:49  Barracks Reactor x2, Concussive Shells  
  98  8:50  Missile Turret  
  98  8:53  Missile Turret  
  98  8:55  Missile Turret  
  98  8:57  Marine x2  
  98  8:58  Marauder x2  
  104  9:10  Siege Tank  
  104  9:11  Supply Depot x2  
  104  9:14  Marine  
  104  9:15  Marine  
  109  9:19  Marauder  
  109  9:23  Marine  
  107  9:26  Medivac  
  107  9:27  Siege Tank  
  110  9:31  Medivac  
  110  9:32  Marine x2  
  110  9:33  Marine x2  
  116  9:39  Marine  
  116  9:40  Marine x2  
  116  9:41  Marine  
  120  9:50  Marine x2  
  120  9:51  Marine x2  
  114  9:57  Command Center, Supply Depot, Marine x2  
  114  9:58  Marine  
  114  9:59  Marine  
  118  10:00  Barracks  
  118  10:08  Marine x2  
Tags
 
Add a new tag
Caveats
  • Supply blocks, unpowered buildings, or Contaminate may cause inaccurate times.
  • Supply counts are checked every 10 seconds.